 Dungeon Crawl Stone Soup version 0.32-a0-814-g0968bab981 (webtiles) character file.

Game seed: 4818689500041619535

8246 Nvm9 the Fighter (level 11, -1/89 HPs)
             Began as a Demonspawn Fighter on Mar 22, 2024.
             Succumbed to barbed spike wounds
             ... on level 9 of the Dungeon.
             The game lasted 00:15:05 (7142 turns).

Nvm9 the Fighter (Demonspawn Fighter)               Turns: 7142, Time: 00:15:06

Health: -1/89      AC: 19    Str: 21    XL:     11   Next: 7%
Magic:  11/11      EV: 13    Int:  8    God:
Gold:   518        SH:  6    Dex: 19    Spells: 10/10 levels left

rFire   . . .        a - +0 war axe
rCold   . . .        c - +0 buckler
rNeg    . . .        j - +0 plate armour
rPois   .            (no helmet)
rElec   .            y - +0 cloak
rCorr   .            u - +0 pair of gloves
SInv    .            n - +2 pair of boots
Will    .....        r - amulet of regeneration Stlth
                     h - +5 ring of evasion
HPRegen 1.14/turn    m - +6 ring of dexterity
MPRegen 0.12/turn

%: no passive effects
@: spiked
A: repulsion field 2, foul stench 1, demonic magic 1, weakness stinger 2, claws
1, talons 1, mutation resistance 1, MP-powered wands
a: no special abilities


You were on level 9 of the Dungeon.
You visited 1 branch of the dungeon, and saw 9 of its levels.

You collected 518 gold pieces.

Inventory:

Hand Weapons
 a - a +0 war axe (weapon)
 s - a +1 whip of freezing
 v - a +2 hand axe of pain
 z - a +0 war axe
 F - a +0 hand axe of flaming
 I - a +2 mace of protection
 J - a +3 flail of venom
 P - a +0 war axe
Missiles
 e - 5 javelins (quivered)
 t - 10 poisoned darts
 G - a curare-tipped dart
Armour
 b - a +0 scale mail
 c - a +0 buckler (worn)
 j - a +0 plate armour (worn)
 n - a +2 pair of boots (worn)
 u - a +0 pair of gloves (worn)
 y - a +0 cloak (worn)
 K - the +5 ring mail of Anaesthesia {^Contam rF+ Int+6 Stlth+}
   (You found it on level 7 of the Dungeon)

   Int+6:     It affects your intelligence (+6).
   rF+:       It protects you from fire.
   ^Contam:   It causes magical contamination when unequipped.
   Stlth+:    It makes you more stealthy.
 O - a scarf of harm
 R - an orb of wrath
Magical Staves
 S - a staff of air
Jewellery
 g - a ring of poison resistance
 h - a +5 ring of evasion (left hand)
 m - a +6 ring of dexterity (right hand)
 r - an amulet of regeneration (around neck)
 A - an amulet of reflection
Wands
 p - a wand of warping (5)
 C - a wand of mindburst (5)
 E - a wand of quicksilver (7)
 Q - a wand of paralysis (5)
Scrolls
 f - a scroll of immolation
 i - 2 scrolls of noise
 o - a scroll of amnesia
 q - 11 scrolls of identify
 w - a scroll of fog
 x - 3 scrolls of poison
 M - 2 scrolls of teleportation
 N - a scroll of revelation
Potions
 d - 3 potions of might
 k - 2 potions of degeneration
 l - 3 potions of curing
 D - a potion of ambrosia
 H - a potion of attraction {unknown}
 L - a potion of lignification {unknown}


   Skills:
 * Level 9.2 Fighting
 * Level 8.1 Axes
 * Level 8.4 Armour
 * Level 8.4 Shields


You had 10 spell levels left.
You didn't know any spells.
Your spell library contained the following spells:

 Spells                   Type           Power      Damage    Failure   Level
 Ensorcelled Hibernation  Hex/Ice        0%         N/A       100%        2
 Fugue of the Fallen      Necr           0%         N/A       100%        3
 Anguish                  Hex/Necr       0%         N/A       100%        4


Dungeon Overview and Level Annotations

Branches:
Dungeon (9/15)             Temple (0/1) D:7            Lair (0/5) D:9
    Orc: D:9-12

Altars:
Hepliaklqana
Sif Muna
Trog

Annotations:
D:4 3 runed translucent doors, paps's ghost, novice CoGl


Innate Abilities, Weirdness & Mutations

You are surrounded by a moderate repulsion field. (EV +3)
You may rarely emit foul miasma when damaged in melee.
Spells you cast may paralyse adjacent enemies.
You have a tail ending in a sharp stinger.
You have sharp fingernails.
You have sharp toenails.
You are somewhat resistant to further mutation.
You expend magic power (3 MP) to strengthen your wands.


Message History

The barbed spikes dig painfully into your body as you move.
The barbed spikes dig painfully into your body as you move.
The barbed spikes dig painfully into your body as you move.
The barbed spikes dig painfully into your body as you move.
* * * LOW HITPOINT WARNING * * *
The barbed spikes dig painfully into your body as you move.
* * * LOW HITPOINT WARNING * * *
The barbed spikes dig painfully into your body as you move.
* * * LOW HITPOINT WARNING * * *
The red devil misses you. The red devil closely misses you.
The red devil blocks your attack.
Your tail-slap misses the red devil.
The red devil hits you with a +0 spear!
* * * LOW HITPOINT WARNING * * *
More barbed spikes become lodged in your body.
The red devil hits you but does no damage.
Unknown command.
Unknown command.
You feel much better. The red devil hits you with a +0 spear.
More barbed spikes become lodged in your body.
The red devil hits you but does no damage.
You feel better. You block the red devil's attack.
The red devil hits you from afar with a +0 trident!
More barbed spikes become lodged in your body.
As you read the scroll of fear, it crumbles to dust.
You assume a fearsome visage.
The red devil looks frightened! x2
The barbed spikes dig painfully into your body as you move.
The barbed spikes dig painfully into your body as you move.
* * * LOW HITPOINT WARNING * * *
The barbed spikes dig painfully into your body as you move.
* * * LOW HITPOINT WARNING * * *
The barbed spikes dig painfully into your body as you move.
* * * LOW HITPOINT WARNING * * *
The barbed spikes dig painfully into your body as you move.
* * * LOW HITPOINT WARNING * * *
As you read the scroll of fog, it dissolves into smoke.
The red devil hits you from afar with a +0 spear!
* * * LOW HITPOINT WARNING * * *
More barbed spikes become lodged in your body.
The barbed spikes dig painfully into your body as you move.
You die...

#..........# #....>.....#
##..........#
#########...........#
####...................#
#....###.####4§.§§.#...#.
#......4....#§§§§§§......
#.≈≈.#.#.≈≈.##§§§§§...##.
#.≈ #.#..≈.####@§.......
# #)##...# ##§######. .4.
##.#####†## .$.$.
.........#
##.$.###.#####..# ##.##
##..# #.# #..<# #.# #...#
#.#.#


There were no monsters in sight!

Vanquished Creatures
  2 death yaks (D:9)
  2 two-headed ogres (D:8)
  Pikel (D:4)
  A troll (D:9)
  A hornet (D:8)
  Eustachio (D:4)
  6 yaks
  A wyvern (D:8)
  A water moccasin (D:6)
  2 orc warriors
  An ice beast (D:5)
  2 sky beasts
  2 black bears
  3 ogres
  4 centaurs
  A phantom (D:7)
  A lemure (D:4)
  A kobold brigand (D:8)
  Blork the orc (D:4)
  6 bullfrogs
  2 scorpions (D:6)
  4 wights (D:8)
  10 killer bees
  3 howler monkeys (D:7)
  2 electric eels (D:6)
  3 bombardier beetles
  A gnoll bouda (D:5)
  4 hounds
  4 orc priests
  Ijyb (D:4)
  3 sleepcaps
  7 iguanas
  10 orc wizards
  7 gnolls
  5 adders
  A shadow imp (D:6)
  2 ufetubi (D:7)
  A dart slug (D:1)
  3 ribbon worms
  29 orcs
  5 bats
  10 endoplasms
  4 giant cockroaches
  3 goblins
  9 hobgoblins
  2 jackals (D:1)
  5 quokkas
  7 ball pythons
  2 frilled lizards
  12 kobolds
  5 rats
206 creatures vanquished.

Vanquished Creatures (others)
  A hobgoblin (D:4)
1 creature vanquished.

Grand Total: 207 creatures vanquished

Notes
Turn   | Place    | Note
-------+----------+-------------------------------------------
     0 | D:1      | Nvm9 the Demonspawn Fighter began the quest for the Orb.
     0 | D:1      | Reached XP level 1. HP: 18/18 MP: 1/1
   227 | D:1      | Gained mutation: You are surrounded by a mild repulsion
                  | field. (EV +2) [demonic ancestry]
   227 | D:1      | Reached XP level 2. HP: 24/24 MP: 2/2
   842 | D:2      | Reached XP level 3. HP: 21/29 MP: 3/3
  1310 | D:2      | Gained mutation: Spells you cast may paralyse adjacent
                  | enemies. [demonic ancestry]
  1310 | D:2      | Reached XP level 4. HP: 31/35 MP: 4/4
  1772 | D:3      | Reached XP level 5. HP: 42/42 MP: 5/5
  1846 | D:3      | Gained mutation: You have sharp toenails. [potion of
                  | mutation]
  1846 | D:3      | Gained mutation: You have sharp fingernails. [potion of
                  | mutation]
  1846 | D:3      | Gained mutation: You are somewhat resistant to further
                  | mutation. [potion of mutation]
  1846 | D:3      | Gained mutation: You expend magic power (3 MP) to
                  | strengthen your wands. [potion of mutation]
  2447 | D:4      | Noticed Ijyb
  2452 | D:4      | Noticed an ogre
  2459 | D:4      | Killed Ijyb
  2460 | D:4      | Reached skill level 4 in Fighting
  2464 | D:4      | Killed an ogre
  2465 | D:4      | Gained mutation: You may rarely emit foul miasma when
                  | damaged in melee. [demonic ancestry]
  2465 | D:4      | Reached XP level 6. HP: 21/48 MP: 6/6
  2512 | D:4      | Noticed Pikel
  2516 | D:4      | Noticed Eustachio
  2552 | D:4      | Killed Pikel
  2553 | D:4      | Reached skill level 5 in Fighting
  2553 | D:4      | Reached XP level 7. HP: 53/56 MP: 7/7
  2584 | D:4      | Killed Eustachio
  2771 | D:4      | Found a runed translucent gate.
  2773 | D:4      | Found a runed translucent gate.
  2773 | D:4      | Found a runed translucent gate.
  2776 | D:4      | Noticed paps's ghost (novice CoGl)
  2823 | D:4      | Found a hazy altar of Hepliaklqana.
  3118 | D:4      | Noticed Blork the orc
  3129 | D:4      | Killed Blork the orc
  3130 | D:4      | Reached skill level 5 in Armour
  3130 | D:4      | Reached skill level 5 in Shields
  3130 | D:4      | Gained mutation: You have a small tail. [demonic ancestry]
  3130 | D:4      | Reached XP level 8. HP: 63/63 MP: 8/8
  3306 | D:5      | Entered Level 5 of the Dungeon
  3687 | D:5      | Reached skill level 5 in Axes
  3835 | D:5      | Reached skill level 6 in Fighting
  4079 | D:6      | Found a bloodstained altar of Trog.
  4105 | D:6      | Found a shimmering blue altar of Sif Muna.
  4458 | D:6      | Gained mutation: You are surrounded by a moderate repulsion
                  | field. (EV +3) [demonic ancestry]
  4458 | D:6      | Reached XP level 9. HP: 71/71 MP: 9/9
  4617 | D:6      | Reached skill level 7 in Fighting
  5458 | D:7      | Identified the +5 ring mail of Anaesthesia {^Contam rF+
                  | Int+6 Stlth+}
  5689 | D:7      | Found a staircase to the Ecumenical Temple.
  6138 | D:8      | Gained mutation: You have a tail ending in a sharp stinger.
                  | [demonic ancestry]
  6138 | D:8      | Reached XP level 10. HP: 41/80 MP: 10/10
  6378 | D:8      | Reached skill level 8 in Fighting
  6378 | D:8      | Noticed a two-headed ogre
  6397 | D:8      | Killed a two-headed ogre
  6490 | D:8      | Paralysed by a hornet for 2 turns
  6497 | D:8      | Paralysed by a kobold for 5 turns
  6889 | D:9      | Noticed a two-headed ogre
  6901 | D:8      | Killed a two-headed ogre
  6982 | D:9      | Noticed a death yak
  6988 | D:9      | Noticed a death yak
  6999 | D:9      | Killed a death yak
  7000 | D:9      | Reached skill level 9 in Fighting
  7021 | D:9      | Killed a death yak
  7033 | D:9      | Reached XP level 11. HP: 48/89 MP: 11/11
  7076 | D:9      | Found a staircase to the Lair.
  7142 | D:9      | Succumbed to barbed spike wounds

Illustrated notes

Levels and vault maps discovered:
D:1:      minmay_arrival_checkered_box, layout_basic
D:2:      layout_basic, minmay_pentomino_x4
D:3:      layout_loops_corners
D:4:      layout_loops_ring, nicolae_hepliaklqana_hippocampus,
          ebering_ghost_rock_garden, minmay_misc_feat_cross, uniq_eustachio,
          uniq_ijyb, uniq_pikel, uniq_blork_the_orc
D:5:      layout_rooms, nrook_campfire
D:6:      layout_loops_ring, hellmonk_sif_muna_bookshelves, trog_butcher_becter,
          eino_curves_03, serial_bayou_lagoon_b
D:7:      layout_basic, minmay_temple_entry_stoned_glass
D:8:      layout_basic, minmay_quadrilaterals
D:9:      layout_loops_ring, minmay_overflow_temple_star_hex,
          dpeg_lair_monsters, einodemon_armed_red_devil_minivault

Skill      XL: |  1  2  3  4  5  6  7  8  9 10 |
---------------+-------------------------------+-----
Axes           | 2 3 4 5 6 8 |  8.1
Shields        | 3 4 5 6 7 8 |  8.4
Armour         | 3 4 5 6 7 8 |  8.4
Fighting       | 4 5 6 7 9 |  9.2

Action                     |  1- 3 |  4- 6 |  7- 9 | 10-12 || total
---------------------------+-------+-------+-------+-------++-------
  Melee: War axe           |   112 |   109 |   304 |   228 ||   753
         Hand axe          |       |       |    57 |       ||    57
         Tailslap          |       |       |    62 |    35 ||    97
  Throw: Dart              |       |       |       |     2 ||     2
  Evoke: Wand              |       |       |       |     1 ||     1
    Use: Scroll            |     6 |     1 |     6 |     2 ||    15
         Potion            |       |     4 |     3 |     4 ||    11
 Armour: Scale mail        |    47 |       |       |       ||    47
         Plate armour      |    54 |    86 |   357 |   214 ||   711
  Dodge: Dodged            |    40 |    54 |   294 |   173 ||   561
  Block: Buckler           |    21 |    20 |   137 |    94 ||   272

Table legend: (Time is in decaauts)
 A = Elapsed time spent in this place.
 B = Non-inter-level travel time spent in this place.
 C = Inter-level travel time spent in this place.
 D = Time resting spent in this place.
 E = Time spent auto-exploring this place.
 F = Levels seen in this place.
 G = Mean time per level.
                   A        B        C        D        E       F      G
               +--------+--------+--------+--------+--------+-----+--------+
         Total |   7381 |   7157 |    224 |    857 |   4448 |   9 |  820.1 |
       Dungeon |   7381 |   7157 |    224 |    857 |   4448 |   9 |  820.1 |
               +--------+--------+--------+--------+--------+-----+--------+

Top non-repeatable levels by time:
     D:6: 1227 daAuts
     D:3: 948 daAuts
     D:4: 897 daAuts
     D:7: 886 daAuts
     D:8: 877 daAuts
     D:1: 850 daAuts
     D:5: 765 daAuts
     D:2: 714 daAuts
     D:9: 213 daAuts
